 Dungeon Crawl Stone Soup version 0.27.0-1-g7a089689b8 (webtiles) character file.

Game seed: 6986685416367830018

86 tylerjbraun the Twirler (level 4, -4/27 HPs)
             Began as a Gargoyle Gladiator on Aug 14, 2021.
             Slain by a gnoll (5 damage)
             ... on level 2 of the Dungeon.
             The game lasted 00:13:57 (1879 turns).

tylerjbraun the Twirler (Gargoyle Gladiator)        Turns: 1879, Time: 00:13:58

Health: -4/27      AC: 14    Str: 18    XL:     4   Next: 50%
Magic:  13/13      EV:  8    Int:  8    God:
Gold:   62         SH:  0    Dex: 12    Spells: 3/3 levels left

rFire    . . .     SeeInvis .   a - +0 quarterstaff
rCold    . . .     Faith    .   (shield currently unavailable)
rNeg     + . .     Spirit   .   b - +0 chain mail
rPois    ∞         Reflect  .   c - +0 helmet
rElec    +         Harm     .   (no cloak)
rCorr    .         Rampage  .   e - +0 pair of gloves
Will     .....                  (no boots)
Stlth    ..........             (no amulet)
HPRegen  0.09/turn              i - ring of magical power
MPRegen  0.13/turn              (no ring)

@: no status effects
A: sickness immunity, AC +3, negative energy resistance 1, electricity
resistance, torment resistance 1, petrification resistance
a: no special abilities


You were on level 2 of the Dungeon.
You visited 1 branch of the dungeon, and saw 2 of its levels.

You collected 62 gold pieces.

Inventory:

Hand Weapons
 a - a +0 quarterstaff (weapon)
Missiles
 g - a throwing net (quivered)
 l - 26 arrows
Armour
 b - a +0 chain mail (worn)
 c - a +0 helmet (worn)
 e - a +0 pair of gloves (worn)
Jewellery
 i - a ring of magical power (left hand)
Scrolls
 d - a scroll of teleportation
 f - a scroll of brand weapon
 k - a scroll of amnesia {unknown}
 m - a scroll of identify
Potions
 h - a potion of haste {unknown}
 j - a potion of heal wounds {unknown}
 n - a potion of lignification {unknown}


   Skills:
 + Level 2.4 Fighting
 + Level 4.1 Staves
 + Level 1.9 Throwing
 + Level 1.0 Armour
 + Level 3.0 Dodging
 + Level 1.0 Stealth


You had 3 spell levels left.
You didn't know any spells.
Your spell library was empty.

Dungeon Overview and Level Annotations

Branches:
Dungeon (2/15)

Altars:

Shops:
D:2 *


Innate Abilities, Weirdness & Mutations

You are immune to sickness and miasma.
Your stone body is resilient. (AC +3)
You are immune to poison.
You resist negative energy. (rN+)
You are resistant to electric shocks. (rElec)
You are resistant to unholy torment.
You are immune to petrification.


Message History

You kill the endoplasm!
The gnoll hits you but does no damage. x2
A gnoll comes into view. It is wielding a +0 spear.
The gnoll shouts!
You hear a shout!
The gnoll hits you with a +0 spear.
The gnoll moves out of view.
You sock the gnoll!
The gnoll is severely wounded.
The gnoll closely misses you.
You hit the gnoll.
The gnoll is almost dead.
You hit the gnoll but do no damage.
The gnoll is almost dead.
The gnoll closely misses you.
You hit the gnoll.
You kill the gnoll!
The gnoll closely misses you.
Your Armour skill increases to level 1!
A gnoll comes into view. It is wielding a +1 halberd of venom.
The gnoll shouts!
The gnoll closely misses you. The gnoll hits you with a +0 spear.
The gnoll hits you but does no damage. The gnoll closely misses you.
The gnoll throws a throwing net.
The throwing net hits you.
You become entangled in the net!
The gnoll hits you but does no damage.
You see here a throwing net.
You struggle against the net.
The gnoll hits you with a +0 spear. The gnoll hits you but does no damage.
You struggle against the net.
The gnoll hits you with a +0 spear. The gnoll hits you but does no damage.
You struggle against the net.
The gnoll barely misses you.
The gnoll hits you from afar with a +1 halberd of venom!
* * * LOW HITPOINT WARNING * * *
The gnoll hits you with a +0 spear.
* * * LOW HITPOINT WARNING * * *
You shred the net and break free! The gnoll hits you but does no damage.
The gnoll closely misses you. x2
You barely miss the gnoll. The gnoll hits you with a +0 spear.
* * * LOW HITPOINT WARNING * * *
The gnoll hits you from afar with a +1 halberd of venom.
You die...

....... ##.........
....... #.........
....... ##.....##.#
....... .............
.......
###.#########'#
.......
#.......#......
.......###'#.#
#.#.##... #..gg......#
#.#.##... #....@g)...#
#.#.##...
#..........###.#.#####
#..............#.#
#..............#.#
#.........####'#'#####
#.........# #......##.
#.........# #......##.
#.........# #......##.
...<#+##### #......##.


You could see 3 gnolls.

Vanquished Creatures
  A gnoll (D:2)
  A dart slug (D:2)
  6 ball pythons (D:1)
  3 bats
  4 endoplasms
  3 giant cockroaches (D:1)
  4 goblins
  3 hobgoblins (D:1)
  25 jackals
  2 quokkas (D:1)
  3 frilled lizards
  3 kobolds (D:1)
  2 rats
60 creatures vanquished.

Notes
Turn   | Place    | Note
-------+----------+-------------------------------------------
     0 | D:1      | tylerjbraun the Gargoyle Gladiator began the quest for the
                  | Orb.
     0 | D:1      | Reached XP level 1. HP: 12/12 MP: 1/1
    83 | D:1      | Reached XP level 2. HP: 7/17 MP: 2/2
   605 | D:1      | Reached XP level 3. HP: 21/21 MP: 3/3
  1001 | D:1      | Found a faded altar of an unknown god.
  1192 | D:1      | Reached skill level 1 in Stealth
  1262 | D:1      | Reached XP level 4. HP: 25/27 MP: 4/4
  1705 | D:2      | Found Kyill's Assorted Antiques.
  1777 | D:2      | Reached skill level 4 in Staves
  1872 | D:2      | Reached skill level 1 in Armour
  1879 | D:2      | HP: 1/27 [gnoll (4)]
  1879 | D:2      | Slain by a gnoll

Illustrated notes

Levels and vault maps discovered:
D:1:      amcnicky_arrival_double_pillar, layout_loops_ring,
          shapermc_ecumenical_altar_totnotflames
D:2:      layout_basic, serial_shops, shop

Skill      XL: |  1  2  3  4 |
---------------+-------------+-----
Dodging        | 3 |  3.0
Stealth        | 1 |  1.0
Staves         | 4 |  4.1
Armour         | 1 |  1.0
Fighting       | |  2.4
Throwing       | |  1.9

Action                   |  1- 3 |  4- 6 || total
-------------------------+-------+-------++-------
Melee: Quarterstaff      |   127 |    40 ||   167
Throw: Throwing net      |     7 |       ||     7
  Use: Scroll            |     1 |     1 ||     2
 Stab: Held in net/web   |     3 |       ||     3
Armor: Scale mail        |    44 |       ||    44
       Leather armour    |     2 |       ||     2
       Chain mail        |    23 |    23 ||    46
Dodge: Dodged            |    47 |    19 ||    66
